[Event "Titled Tuesday Blitz February 14 Late 2023"]
[White "Deac, Bogdan-Daniel"]
[Black "Sarana, Alexey"]
[WhiteFideId "1226380"]
[BlackFideId "24133795"]
[WhiteElo "2700"]
[BlackElo "2685"]
[Result "1-0"]
[Round "11"]
[TimeControl "180+2"]
[Date "2023.02.14"]
[WhiteClock "0:00:04"]
[BlackClock "0:00:02"]

1. c4 e6 2. g3 d5 3. Bg2 Nf6 4. Nf3 dxc4 5. Qa4+ Nbd7 6. Qxc4 a6 7. Qc2 c5 8. d4 Qc7 9. O-O b6 10. Bf4 Qa7 11. e4 Bb7 12. d5 exd5 13. exd5 Nxd5 14. Re1+ Be7 15. Bd6 Nf8 16. Ng5 Ng6 17. Nc3 Nxc3 18. Qxc3 Bxg2 19. Qxg7 O-O-O 20. Bxe7 Nxe7 21. Kxg2 Qb7+ 22. Kg1 Nc6 23. Qxf7 Rd7 24. Re8+ Rxe8 25. Qxe8+ Rd8 26. Qe6+ Kb8 27. Qe4 h6 28. Nf3 b5 29. b3 Nb4 30. Qe5+ Qc7 31. Qf6 Rd6 32. Qf8+ Kb7 33. Re1 Rd7 34. Re8 Kb6 35. Ne5 Rd1+ 36. Kg2 Qb7+ 37. f3 Rd2+ 38. Kh3 Qc7 39. a3 Nd5 40. Re6+ Ka5 41. Nc6+ Kb6 42. Ne5+ Ka5 43. Qa8 Ne7 44. Rxe7 Qd6 45. Nc6+ Kb6 46. Qb7# 1-0


[Site "https://www.chess.com"]

[Event "Titled Tuesday Blitz February 14 Late 2023"]
[White "Hakobyan, Aram"]
[Black "Makridis, Dimitrios"]
[WhiteFideId "13306677"]
[BlackFideId "25864475"]
[WhiteElo "2608"]
[BlackElo "2356"]
[Result "1-0"]
[Round "11"]
[TimeControl "180+2"]
[Date "2023.02.14"]
[WhiteClock "0:00:10"]
[BlackClock "0:00:01"]

1. e4 c5 2. Nf3 Nf6 3. e5 Nd5 4. Nc3 e6 5. Nxd5 exd5 6. d4 Nc6 7. Be3 cxd4 8. Nxd4 Nxe5 9. Nb5 a6 10. Qxd5 d6 11. Nc3 Be7 12. Be2 O-O 13. O-O Be6 14. Qd2 d5 15. Rad1 Nc4 16. Bxc4 dxc4 17. Qe2 Qa5 18. Bd4 Rfe8 19. Qf3 b5 20. Rfe1 Bf8 21. Ne4 Bd5 22. Bc3 Bxe4 23. Rxe4 b4 24. Rd7 f6 25. Bd2 Qb5 26. Rdd4 Rxe4 27. Rxe4 Rd8 28. Be1 Qd5 29. Qe2 c3 30. bxc3 bxc3 31. a4 Qd1 32. Qc4+ Kh8 33. Qxc3 a5 34. Qxa5 h6 35. h3 Rb8 36. Qd2 Qa1 37. Kh2 Rb1 38. Qe2 Bd6+ 39. g3 Qa3 40. Re8+ Bf8 41. a5 Kg8 42. a6 Rb6 43. Qc4+ Kh7 44. Qe4+ f5 45. Qxf5+ Kg8 46. a7 Ra6 47. Qd5+ Kh7 48. a8=Q Ra7 49. Qe4+ 1-0


[Site "https://www.chess.com"]

[Event "Titled Tuesday Blitz February 14 Late 2023"]
[White "Mamedov, Rauf"]
[Black "Lenderman, Aleksandr"]
[WhiteFideId "13401653"]
[BlackFideId "2021285"]
[WhiteElo "2646"]
[BlackElo "2572"]
[Result "0-1"]
[Round "11"]
[TimeControl "180+2"]
[Date "2023.02.14"]
[WhiteClock "0:00:01"]
[BlackClock "0:00:16"]

1. c4 b6 2. Nf3 Bb7 3. g3 g6 4. Bg2 Bg7 5. O-O Nf6 6. d3 O-O 7. Nc3 c5 8. e4 Nc6 9. h3 Ne8 10. Be3 Rc8 11. Rc1 d6 12. Qd2 Nc7 13. h4 Ne6 14. Ne2 Ne5 15. Nxe5 dxe5 16. h5 f5 17. hxg6 hxg6 18. exf5 Bxg2 19. Kxg2 gxf5 20. f4 Qd6 21. fxe5 Bxe5 22. Rf3 Rcd8 23. Bh6 Rf6 24. Bg5 Rf7 25. Rh1 Qc6 26. Bh6 Rf6 27. Rh5 Rg6 28. Bf4 Bxf4 29. Nxf4 Ng5 30. Nd5 Nxf3 31. Nxe7+ Kf7 32. Nxc6 Nxd2 33. Nxd8+ Ke7 34. Rh7+ Kxd8 35. Kf2 a5 36. Ke2 Nb1 37. Rh1 Rxg3 38. Rxb1 Ke7 39. a4 Kf6 40. b3 Ke5 41. Rf1 f4 42. Rf2 Rh3 43. Rf1 Kf5 44. Rf2 Re3+ 45. Kd2 Re6 46. Rh2 f3 47. Rh8 Kf4 48. Rf8+ Kg3 49. Rg8+ Kh2 50. Rf8 Kg2 51. Rg8+ Kf1 52. Rf8 f2 53. Rf7 Rg6 54. Ke3 Rg3+ 55. Kd2 Kg1 56. Ke2 Rg2 57. Rxf2 Rxf2+ 0-1


[Site "https://www.chess.com"]

[Event "Titled Tuesday Blitz February 14 Late 2023"]
[White "Yu, Yangyi"]
[Black "Li, Ruifeng"]
[WhiteFideId "8603820"]
[BlackFideId "2061074"]
[WhiteElo "2729"]
[BlackElo "2541"]
[Result "1-0"]
[Round "11"]
[TimeControl "180+2"]
[Date "2023.02.14"]
[WhiteClock "0:00:47"]
[BlackClock "0:00:09"]

1. Nf3 d6 2. d4 g6 3. g3 Bg7 4. Bg2 c6 5. O-O b5 6. b3 Bb7 7. Bb2 Nf6 8. Re1 O-O 9. e4 a5 10. Nbd2 Na6 11. a3 Nd7 12. e5 dxe5 13. dxe5 Ndc5 14. Qe2 Nc7 15. Rad1 Qc8 16. Ne4 N7e6 17. Nd4 Nxd4 18. Bxd4 Ne6 19. Nc5 Nxc5 20. Bxc5 Qe6 21. Qd3 Bc8 22. h4 h5 23. Qe4 Bb7 24. Qd4 Bc8 25. a4 b4 26. Bf1 Ba6 27. Bxa6 Rxa6 28. Qd7 Qxd7 29. Rxd7 Re8 30. f4 Bf8 31. Red1 e6 32. Bxf8 Kxf8 33. Rc7 Kg8 34. Rdd7 Rf8 35. Kf2 Raa8 36. Rxc6 Rac8 37. Rcc7 Rxc7 38. Rxc7 Rd8 39. Ke2 Rd5 40. Rb7 Rc5 41. Kd2 Rd5+ 42. Kc1 Rc5 43. Rb5 Rc3 44. Rxa5 Rxg3 45. Rb5 Rg4 46. a5 Rxf4 47. a6 Rf1+ 48. Kb2 Rd1 49. a7 1-0


[Site "https://www.chess.com"]

[Event "Titled Tuesday Blitz February 14 Late 2023"]
[White "Paravyan, David"]
[Black "Pichot, Alan"]
[WhiteFideId "4194985"]
[BlackFideId "110973"]
[WhiteElo "2601"]
[BlackElo "2638"]
[Result "1-0"]
[Round "11"]
[TimeControl "180+2"]
[Date "2023.02.14"]
[WhiteClock "0:00:41"]
[BlackClock "0:00:02"]

1. c4 Nf6 2. Nc3 g6 3. e4 d6 4. d4 Bg7 5. Be2 O-O 6. Nf3 Bg4 7. Be3 Nfd7 8. Rb1 c5 9. d5 Bxf3 10. Bxf3 Na6 11. h4 h6 12. Qd2 Kh7 13. Be2 Nc7 14. f4 e5 15. g3 h5 16. f5 Nf6 17. Bg5 Qd7 18. Bxf6 Bxf6 19. g4 gxf5 20. g5 Bg7 21. exf5 Qxf5 22. Ne4 Kh8 23. Qd3 b5 24. b3 bxc4 25. bxc4 Rab8 26. Kd2 Qf4+ 27. Kc2 Rxb1 28. Rxb1 Qxh4 29. Qf3 Kg8 30. Rh1 Qf4 31. Nxd6 Rb8 32. Qxf4 exf4 33. Nf5 Rb2+ 34. Kd3 Rxa2 35. Bxh5 a5 36. Nh6+ Bxh6 37. gxh6 Ra3+ 38. Ke4 Kh7 39. Bxf7 f3 40. d6 Na8 41. d7 1-0


[Site "https://www.chess.com"]

[Event "Titled Tuesday Blitz February 14 Late 2023"]
[White "Terry, Renato"]
[Black "Baskakov, Egor"]
[WhiteFideId "3803457"]
[BlackFideId "24197866"]
[WhiteElo "2520"]
[BlackElo "2215"]
[Result "0-1"]
[Round "11"]
[TimeControl "180+2"]
[Date "2023.02.14"]
[WhiteClock "0:00:58"]
[BlackClock "0:00:35"]

1. d4 Nf6 2. Nf3 e6 3. c4 d5 4. e3 Ne4 5. Bd3 f5 6. Ne5 g6 7. h4 Nd7 8. Nxd7 Bxd7 9. h5 Qg5 10. g3 dxc4 11. Bxe4 fxe4 12. Nd2 O-O-O 13. Nxc4 Bb5 14. Qb3 Ba6 15. Ne5 Bd6 16. Qxe6+ Kb8 17. Nf7 Qb5 18. Qg4 Bb4+ 19. Bd2 Bxd2+ 20. Kd1 Qd3 21. Ne5 Qb5 22. Kc2 Ba5 23. Qxe4 Qe2+ 24. Kb3 Rhe8 25. Rac1 Re6 26. Nd7+ Rxd7 27. Qxe6 Qb5+ 28. Kc2 Qd3# 0-1


[Site "https://www.chess.com"]

[Event "Titled Tuesday Blitz February 14 Late 2023"]
[White "Indjic, Aleksandar"]
[Black "Naroditsky, Daniel"]
[WhiteFideId "911925"]
[BlackFideId "2026961"]
[WhiteElo "2618"]
[BlackElo "2618"]
[Result "1-0"]
[Round "11"]
[TimeControl "180+2"]
[Date "2023.02.14"]
[WhiteClock "0:00:14"]
[BlackClock "0:00:01"]

1. d4 Nf6 2. c4 g6 3. Nc3 Bg7 4. Nf3 d6 5. h3 O-O 6. g4 c5 7. d5 e6 8. Bg2 exd5 9. cxd5 Re8 10. Nd2 Nbd7 11. O-O Ne5 12. g5 Nh5 13. f4 Nd7 14. e4 f6 15. h4 fxg5 16. hxg5 Bd4+ 17. Kh2 Ne5 18. fxe5 Bxe5+ 19. Kg1 Bd4+ 20. Rf2 Qxg5 21. Nf1 Bxf2+ 22. Kxf2 Qh4+ 23. Kg1 Rf8 24. Be3 Nf4 25. Bxf4 Rxf4 26. Qe1 Qg5 27. Nh2 Bh3 28. Qe2 Raf8 29. Rf1 Rxf1+ 30. Nxf1 Bg4 31. Qe1 h5 32. e5 h4 33. Ne4 Qxe5 34. Qxh4 Qd4+ 35. Kh2 Bf3 36. Nfg3 Qe5 37. Ng5 Bh5 38. Ne4 Rf4 39. Qd8+ Kg7 40. Qxd6 Rh4+ 41. Kg1 Qd4+ 42. Nf2 Rf4 43. Ne4 Rf7 44. Qg3 Qxb2 45. Qc3+ Qxc3 46. Nxc3 Bf3 47. d6 Bxg2 48. Kxg2 Kf6 49. Nfe4+ Ke5 50. Nxc5 Kxd6 51. Nd3 a6 52. Kg3 Rc7 53. Ne2 Kd5 54. Kf3 Rc2 55. Nb4+ Kc4 56. Nxc2 Kd3 57. Ncd4 Kc4 58. Ke4 b5 59. Nc2 a5 60. Ne3+ Kb4 61. Nc2+ Kc4 62. Ncd4 a4 63. Nxb5 Kxb5 64. Kd3 Kb4 65. Kc2 g5 66. Ng3 g4 67. Kb2 Kc4 68. Ka3 Kd4 69. Kxa4 Ke3 70. Kb5 Kf3 71. Nh5 Ke4 72. a4 Kd5 73. a5 Kd6 74. Kb6 g3 75. Nxg3 1-0


[Site "https://www.chess.com"]

[Event "Titled Tuesday Blitz February 14 Late 2023"]
[White "Yoo, Christopher Woojin"]
[Black "Goltsev, Dmitry"]
[WhiteFideId "30909694"]
[BlackFideId "24176710"]
[WhiteElo "2607"]
[BlackElo "2269"]
[Result "1-0"]
[Round "11"]
[TimeControl "180+2"]
[Date "2023.02.14"]
[WhiteClock "0:00:10"]
[BlackClock "0:01:03"]

1. e4 e6 2. d4 d5 3. Nc3 c5 4. exd5 exd5 5. Nf3 Nf6 6. Bb5+ Nc6 7. O-O Be7 8. dxc5 Bxc5 9. Bg5 Be6 10. Bxf6 gxf6 11. Qd2 Qd6 12. Na4 O-O-O 13. Bxc6 Qxc6 14. Nxc5 Qxc5 15. Nd4 Rhg8 16. Rfe1 Rg4 17. Rad1 Rdg8 18. g3 Bd7 19. Re3 Kb8 20. Nb3 Qd6 21. Qxd5 Qxd5 22. Rxd5 Bc6 23. Rf5 Rd8 24. Rd3 Re8 25. f3 Ra4 26. a3 Re1+ 27. Kf2 Rb1 28. Rxf6 Rxb2 29. Rxf7 Rxc2+ 30. Ke3 a6 31. Nd4 Rcc4 32. Rf6 Bb5 33. Nxb5 axb5 34. Rf7 h5 35. Rf5 h4 36. Rxb5 hxg3 37. hxg3 Rc2 38. Rdb3 Ka8 39. R5b4 Ra6 40. g4 Re6+ 41. Kf4 Rc5 42. Rxb7 Rc4+ 43. Kg3 Re1 44. Rb8+ Ka7 45. R8b4 Rc6 46. Ra4+ Ra6 47. Rxa6+ Kxa6 48. g5 Ka5 49. Kf4 Ka4 50. Re3 Rg1 51. Kf5 Kb5 52. g6 Kc6 53. Kf6 Kd7 54. g7 Kd6 55. a4 Kd5 56. Re8 1-0


[Site "https://www.chess.com"]

[Event "Titled Tuesday Blitz February 14 Late 2023"]
[White "Perez Ponsa, Federico"]
[Black "Urazayev, Arystanbek"]
[WhiteFideId "117927"]
[BlackFideId "13709810"]
[WhiteElo "2532"]
[BlackElo "2460"]
[Result "1-0"]
[Round "11"]
[TimeControl "180+2"]
[Date "2023.02.14"]
[WhiteClock "0:01:15"]
[BlackClock "0:01:17"]

1. e4 c5 2. Nf3 e6 3. d4 cxd4 4. Nxd4 Nf6 5. Nc3 Nc6 6. Ndb5 Bc5 7. Nd6+ Ke7 8. Bf4 e5 9. Nf5+ Kf8 10. Bg5 Bb4 11. Ne3 Qa5 12. Bd3 Bxc3+ 13. bxc3 Qxc3+ 14. Kf1 Ne7 15. Rb1 d6 16. Bxf6 gxf6 17. Bc4 Be6 18. Bxe6 fxe6 19. Qxd6 Kf7 20. Rxb7 Rhe8 21. g3 Rad8 22. Rxe7+ Rxe7 23. Qxd8 Qc6 24. Qd3 Rd7 25. Qc4 Qb7 26. Kg2 Rd4 27. Qe2 Rxe4 28. Qf3 f5 29. Rd1 Kf6 30. Nc4 Qb4 31. Nd6 Rd4 32. c3 e4 33. Nxe4+ 1-0


[Site "https://www.chess.com"]

[Event "Titled Tuesday Blitz February 14 Late 2023"]
[White "Zhigalko, Sergei"]
[Black "Ibarra Jerez, Jose Carlos"]
[WhiteFideId "13502956"]
[BlackFideId "2226332"]
[WhiteElo "2572"]
[BlackElo "2563"]
[Result "1/2-1/2"]
[Round "11"]
[TimeControl "180+2"]
[Date "2023.02.14"]
[WhiteClock "0:00:02"]
[BlackClock "0:00:04"]

1. e4 e6 2. d4 d5 3. e5 c5 4. c3 Qb6 5. Nf3 Nc6 6. Bd3 cxd4 7. O-O Bd7 8. Re1 Nh6 9. c4 dxc4 10. Bxc4 Nf5 11. Nbd2 Be7 12. a3 O-O 13. Bd3 Rac8 14. Nc4 Qc7 15. Bf4 b5 16. Ncd2 Qb6 17. g4 Nh6 18. Ng5 Nxe5 19. Bxh7+ Kh8 20. Bxe5 Bxg5 21. Qf3 Bxd2 22. Bd3 Bxe1 23. Rxe1 f5 24. g5 Ng4 25. g6 Kg8 26. Qh3 Nh6 27. Bf4 Qd8 28. Kh1 Qf6 29. Rg1 Bc6+ 30. f3 Rfe8 31. Bg5 Qf8 32. Rg3 Bd5 33. Qh5 Rc7 34. Bxb5 Rec8 35. Bd3 Rc1+ 36. Kg2 R1c2+ 37. Kh3 Rxb2 38. Qh4 Rc3 39. Bxh6 gxh6 40. g7 Qxg7 41. Qd8+ Kh7 42. Rxg7+ Kxg7 43. Qe7+ Kg6 44. Qe8+ Kf6 45. Qf8+ Kg6 46. Qg8+ Kf6 47. Qf8+ Kg5 48. Qg7+ Kh5 49. Qf7+ Kg5 50. Qg7+ Kh5 51. Qf7+ Kg5 52. Qg7+ 1/2-1/2


[Site "https://www.chess.com"]

[Event "Titled Tuesday Blitz February 14 Late 2023"]
[White "Chigaev, Maksim"]
[Black "Pakleza, Zbigniew"]
[WhiteFideId "4108116"]
[BlackFideId "1119290"]
[WhiteElo "2628"]
[BlackElo "2494"]
[Result "1-0"]
[Round "11"]
[TimeControl "180+2"]
[Date "2023.02.14"]
[WhiteClock "0:00:33"]
[BlackClock "0:00:03"]

1. Nf3 d5 2. c4 c6 3. g3 Nf6 4. Bg2 Bf5 5. Qb3 Qb6 6. d3 e6 7. Be3 Qxb3 8. axb3 a6 9. Bd4 Nbd7 10. Bc3 Be7 11. cxd5 cxd5 12. O-O O-O 13. b4 Rfc8 14. Nbd2 h6 15. Nb3 Ne8 16. Nfd4 Bh7 17. f4 Nd6 18. Kf2 Rc7 19. h3 Rac8 20. Rfd1 g5 21. e3 gxf4 22. gxf4 Bg6 23. Bf3 Bh4+ 24. Ke2 Kh7 25. Rg1 e5 26. fxe5 Nxe5 27. Rad1 Nxf3 28. Nxf3 Bh5 29. Rg7+ Kh8 30. Rg4+ Rxc3 31. Rxh4 Bxf3+ 32. Kxf3 Rxb3 33. Rxh6+ Kg7 34. Rxd6 Rxb4 35. Rg1+ Kf8 36. Rxd5 Rxb2 37. h4 Rc6 38. h5 Rf6+ 39. Ke4 Rh2 40. Kd4 b5 41. e4 Ke7 42. Rc1 Rd6 43. Rc7+ Ke6 44. Rxd6+ Kxd6 45. Rxf7 Rxh5 46. Rf6+ Kc7 47. Rxa6 Kb7 48. Ra1 Kb6 49. Rb1 Rh8 50. e5 Rd8+ 51. Ke4 Kc5 52. Rc1+ Kb4 53. d4 1-0


[Site "https://www.chess.com"]

[Event "Titled Tuesday Blitz February 14 Late 2023"]
[White "Jimenez Garcia, Emmanuel"]
[Black "Melkumyan, Hrant"]
[WhiteFideId "6504779"]
[BlackFideId "13302485"]
[WhiteElo "2410"]
[BlackElo "2645"]
[Result "0-1"]
[Round "11"]
[TimeControl "180+2"]
[Date "2023.02.14"]
[WhiteClock "0:00:10"]
[BlackClock "0:01:18"]

1. Nf3 c5 2. b3 d5 3. e3 a6 4. Bb2 Nc6 5. d4 Bg4 6. Be2 e6 7. Nbd2 Nge7 8. dxc5 Nf5 9. Nd4 Bxe2 10. Qxe2 Ncxd4 11. exd4 b6 12. b4 Be7 13. O-O O-O 14. c3 a5 15. a3 Rb8 16. Rfb1 Qd7 17. cxb6 Rxb6 18. Nb3 a4 19. Nc5 Qc6 20. c4 Nd6 21. b5 Qc7 22. Nxa4 Rbb8 23. cxd5 exd5 24. Nc3 Rfe8 25. Nxd5 Qd7 26. a4 Bf8 27. Qf3 Ne4 28. Ne3 Nd2 29. Qc6 Qxc6 30. bxc6 Nxb1 31. Rxb1 Ba3 32. c7 Rxb2 33. Rxb2 Bxb2 34. d5 Be5 35. Nc4 Bxc7 36. g4 Re4 37. d6 Rxc4 38. dxc7 Rxc7 0-1


[Site "https://www.chess.com"]

[Event "Titled Tuesday Blitz February 14 Late 2023"]
[White "Gharibyan, Mamikon"]
[Black "Bernadskiy, Vitaliy"]
[WhiteFideId "13308300"]
[BlackFideId "14100371"]
[WhiteElo "2500"]
[BlackElo "2592"]
[Result "1-0"]
[Round "11"]
[TimeControl "180+2"]
[Date "2023.02.14"]
[WhiteClock "0:00:18"]
[BlackClock "0:00:04"]

1. Nf3 b6 2. g3 Bb7 3. Bg2 g6 4. O-O Bg7 5. c4 c5 6. Nc3 d6 7. a3 Nd7 8. b4 Rc8 9. Rb1 cxb4 10. axb4 Rxc4 11. Qb3 d5 12. Ng5 e6 13. Nb5 Ne5 14. d3 Rc8 15. Nxa7 Ra8 16. Nb5 Ne7 17. Bb2 O-O 18. Nf3 N7c6 19. Rfc1 Qd7 20. Nxe5 Nxe5 21. Nd4 Rfc8 22. Bc3 Ng4 23. h3 e5 24. Nf3 d4 25. Bd2 e4 26. hxg4 exf3 27. Bxf3 Bxf3 28. exf3 Rxc1+ 29. Rxc1 Re8 30. Kg2 Re2 31. Bf4 h6 32. Rc7 Qe8 33. Qc4 Bf8 34. Rc8 Qe7 35. Bxh6 Kh7 36. Rc7 Bxh6 37. Rxe7 1-0


[Site "https://www.chess.com"]

[Event "Titled Tuesday Blitz February 14 Late 2023"]
[White "Martinez Ramirez, Lennis"]
[Black "Madaminov, Mukhiddin"]
[WhiteFideId "3509079"]
[BlackFideId "14210703"]
[WhiteElo "2426"]
[BlackElo "2422"]
[Result "0-1"]
[Round "11"]
[TimeControl "180+2"]
[Date "2023.02.14"]
[WhiteClock "0:00:25"]
[BlackClock "0:01:05"]

1. c4 e5 2. Nc3 Nc6 3. g3 Bc5 4. Bg2 d6 5. a3 a5 6. e3 Be6 7. b3 Nf6 8. Nge2 d5 9. d4 exd4 10. exd4 Be7 11. c5 Qd7 12. Nf4 Bg4 13. f3 Bf5 14. g4 Be6 15. g5 Ng8 16. h4 h6 17. g6 fxg6 18. Nxg6 Bf6 19. Nxh8 Nxd4 20. Ng6 Bf5 21. O-O Bxg6 22. Re1+ Ne7 23. Ra2 Rd8 24. f4 Nf5 25. Nxd5 Bxh4 26. Re5 c6 27. Qg4 Kf7 28. Ne3 Bf6 29. Nxf5 Bxe5 30. Nxe7 Qxg4 31. fxe5 Rd1+ 32. Kh2 Kxe7 0-1


[Site "https://www.chess.com"]

[Event "Titled Tuesday Blitz February 14 Late 2023"]
[White "Samsonkin, Artiom"]
[Black "Firat, Burak"]
[WhiteFideId "13503111"]
[BlackFideId "6305881"]
[WhiteElo "2420"]
[BlackElo "2456"]
[Result "1-0"]
[Round "11"]
[TimeControl "180+2"]
[Date "2023.02.14"]
[WhiteClock "0:01:48"]
[BlackClock "0:02:07"]

1. e4 c5 2. Nf3 e6 3. Nc3 Nc6 4. Bb5 Nd4 5. O-O Ne7 6. Nxd4 cxd4 7. Ne2 Qb6 8. Ba4 Nc6 9. d3 Be7 10. Kh1 O-O 11. f4 f5 12. exf5 Rxf5 13. Ng3 Rf8 14. f5 e5 15. Bb3+ Kh8 16. Qg4 Na5 17. Bd5 Qc5 18. Nh5 Bf6 19. Bh6 Qe7 20. Nxf6 Qxf6 21. Bg5 Qd6 22. f6 1-0


[Site "https://www.chess.com"]

[Event "Titled Tuesday Blitz February 14 Late 2023"]
[White "Vlassov, Nikolai"]
[Black "Avinash, Ramesh"]
[WhiteFideId "4103360"]
[BlackFideId "45018340"]
[WhiteElo "2283"]
[BlackElo "2319"]
[Result "0-1"]
[Round "11"]
[TimeControl "180+2"]
[Date "2023.02.14"]
[WhiteClock "0:00:07"]
[BlackClock "0:00:52"]

1. e4 e6 2. d4 d5 3. exd5 exd5 4. Nf3 Nf6 5. c4 Bb4+ 6. Nc3 O-O 7. Bd3 dxc4 8. Bxc4 Nbd7 9. O-O Nb6 10. Bb3 c6 11. Bg5 Re8 12. Ne5 Be6 13. Bc2 h6 14. Bh4 Nc4 15. Bxf6 Qxf6 16. Qd3 Nxe5 17. dxe5 Qxe5 18. Rfe1 Qf6 19. Qh7+ Kf8 20. Re3 Rad8 21. Rae1 g5 22. h4 Qg7 23. Qe4 Bc5 24. R3e2 Bd7 25. Qc4 Qd4 26. Qxd4 Bxd4 27. hxg5 hxg5 28. Bb3 Rxe2 29. Rxe2 Re8 30. Rd2 Re1+ 31. Kh2 Be5+ 32. g3 Bg4 33. Kg2 Ke7 34. Nd1 Re2 35. Rxe2 Bxe2 36. Nc3 Bxc3 37. bxc3 g4 38. a3 a5 39. f4 gxf3+ 40. Kf2 f6 41. Ke3 Kd6 42. Bf7 Kc5 43. Be6 Kd6 44. Bf7 b5 45. Bg8 c5 46. Bf7 c4 47. Be8 Kc5 48. Bd7 b4 49. axb4+ axb4 50. cxb4+ Kxb4 0-1


[Site "https://www.chess.com"]

[Event "Titled Tuesday Blitz February 14 Late 2023"]
[White "Mekhitarian, Krikor Sevag"]
[Black "Klose, Eli"]
[WhiteFideId "2107660"]
[BlackFideId "16242955"]
[WhiteElo "2537"]
[BlackElo "1519"]
[Result "0-1"]
[Round "11"]
[TimeControl "180+2"]
[Date "2023.02.14"]
[WhiteClock "0:00:08"]
[BlackClock "0:00:06"]

1. Nf3 Nf6 2. c4 c5 3. Nc3 Nc6 4. g3 d6 5. Bg2 g6 6. d4 cxd4 7. Nxd4 Bd7 8. O-O Bg7 9. Nc2 O-O 10. b3 Qa5 11. Bb2 Rfe8 12. Nd5 Nxd5 13. Bxg7 Nc3 14. Bxc3 Qxc3 15. Rc1 Rac8 16. Ne3 Qb2 17. Rc2 Qe5 18. Nd5 Be6 19. e3 Bxd5 20. cxd5 Nb4 21. Rxc8 Rxc8 22. a3 Na6 23. b4 Qb2 24. Qa4 Rc7 25. h4 h5 26. b5 Nc5 27. Qxa7 Rc8 28. a4 Qb4 29. Ra1 Qb2 30. Rd1 Qb3 31. Rd4 Kg7 32. Qa5 Qb1+ 33. Bf1 Nb3 34. Qb4 Rc1 35. Kg2 Rxf1 36. Rf4 Rg1+ 37. Kf3 Nc5 38. Qc3+ f6 39. Rd4 Qf5+ 40. Rf4 Qh3 41. e4 Qh1+ 42. Ke2 Rd1 43. e5 Qf1+ 44. Ke3 Rd3+ 0-1


[Site "https://www.chess.com"]

[Event "Titled Tuesday Blitz February 14 Late 2023"]
[White "Ozen, Bahadir"]
[Black "Al-Tarboush, Ward"]
[WhiteFideId "6337058"]
[BlackFideId "7601450"]
[WhiteElo "2369"]
[BlackElo "2256"]
[Result "0-1"]
[Round "11"]
[TimeControl "180+2"]
[Date "2023.02.14"]
[WhiteClock "0:00:38"]
[BlackClock "0:01:06"]

1. d4 Nf6 2. c4 g6 3. Nc3 d5 4. Nf3 c6 5. cxd5 cxd5 6. Bf4 Bg7 7. e3 O-O 8. h3 Nc6 9. Bd3 Bf5 10. O-O e6 11. Rc1 Qa5 12. a3 Rac8 13. Qe2 Bxd3 14. Qxd3 a6 15. Rc2 b5 16. Rfc1 Qb6 17. Ne5 Nxe5 18. Bxe5 Qb7 19. Na2 Ne4 20. Bh2 Rc4 21. b3 Rxc2 22. Qxc2 Qe7 23. a4 bxa4 24. bxa4 Qa3 25. Bf4 g5 26. Bh2 h5 27. Rb1 g4 28. hxg4 hxg4 29. Bf4 Bf6 30. Nb4 Nc3 31. Rb3 Qa1+ 32. Kh2 Kg7 33. Bh6+ Kxh6 34. Qxc3 Qf1 35. Nd3 Kg7 36. Qc1 Rh8+ 37. Kg3 Bh4+ 38. Kf4 Qxg2 39. Ke5 Be7 0-1


[Site "https://www.chess.com"]

[Event "Titled Tuesday Blitz February 14 Late 2023"]
[White "Aldokhin, Ivan"]
[Black "Fernandez Guillen, Ernesto J."]
[WhiteFideId "24115720"]
[BlackFideId "3512428"]
[WhiteElo "2413"]
[BlackElo "2477"]
[Result "0-1"]
[Round "11"]
[TimeControl "180+2"]
[Date "2023.02.14"]
[WhiteClock "0:00:08"]
[BlackClock "0:01:06"]

1. e4 e5 2. Nf3 Nc6 3. Bb5 f5 4. Bxc6 bxc6 5. d3 d6 6. Nc3 Nf6 7. Bg5 Be7 8. Qe2 O-O 9. O-O-O fxe4 10. dxe4 Qe8 11. h3 Be6 12. Be3 Kh8 13. Ng5 Bg8 14. g4 a5 15. h4 Rb8 16. h5 Qc8 17. h6 g6 18. f3 Qb7 19. b3 Qb4 20. Qd3 Qa3+ 21. Kb1 a4 22. Bc1 Qb4 23. a3 Qb7 24. Nxa4 Ra8 25. Bb2 Rxa4 26. bxa4 Rb8 27. Qc3 Nd7 28. f4 Bf6 29. Kc1 Nc5 30. fxe5 Bxg5+ 31. Rd2 Bxd2+ 32. Kxd2 Nxe4+ 33. Kd3 Nxc3 34. Bxc3 Be6 35. exd6+ Kg8 36. Re1 Qa6+ 0-1


[Site "https://www.chess.com"]

[Event "Titled Tuesday Blitz February 14 Late 2023"]
[White "Ibadov, Dashgyn"]
[Black "Gutenev, Alexander"]
[WhiteFideId "24107514"]
[BlackFideId "4195540"]
[WhiteElo "2391"]
[BlackElo "2455"]
[Result "0-1"]
[Round "11"]
[TimeControl "180+2"]
[Date "2023.02.14"]
[WhiteClock "0:00:05"]
[BlackClock "0:00:30"]

1. e4 c5 2. Nc3 Nc6 3. Bb5 Nd4 4. Nf3 e6 5. O-O a6 6. Bd3 Nc6 7. e5 g5 8. Be4 g4 9. Ne1 Nxe5 10. f4 gxf3 11. Nxf3 Ng6 12. d4 d5 13. Bg5 Be7 14. Bxg6 hxg6 15. Bxe7 Qxe7 16. Ne5 Nh6 17. dxc5 Qxc5+ 18. Kh1 Nf5 19. Qf3 Qd4 20. Rae1 Qh4 21. h3 Kf8 22. Nxd5 exd5 23. Qxd5 Qf6 24. Ng4 Qd6 25. Rxf5 Qxd5 26. Rxd5 Bxg4 27. Kg1 Be6 28. Rd6 Rc8 29. c3 Ke7 30. Rb6 Rc7 31. a3 Rd8 32. Re4 Rd6 33. Rbb4 a5 34. Rbd4 Rxd4 35. Rxd4 b6 36. Kf2 Rd7 37. Re4 Rd2+ 38. Re2 Rxe2+ 39. Kxe2 Kd6 40. Kd3 Ke5 41. b3 Bxb3 0-1


[Site "https://www.chess.com"]

[Event "Titled Tuesday Blitz February 14 Late 2023"]
[White "Fiorito, Francisco"]
[Black "Solon, Nathan"]
[WhiteFideId "180165"]
[BlackFideId "2017229"]
[WhiteElo "2305"]
[BlackElo "2306"]
[Result "1-0"]
[Round "11"]
[TimeControl "180+2"]
[Date "2023.02.14"]
[WhiteClock "0:00:34"]
[BlackClock "0:00:09"]

1. d4 Nf6 2. Nc3 d5 3. Bf4 c5 4. e3 cxd4 5. exd4 Bg4 6. Nf3 Nc6 7. Be2 e6 8. h3 Bxf3 9. Bxf3 Bd6 10. Bxd6 Qxd6 11. O-O O-O 12. Ne2 b5 13. Nc1 Rfc8 14. Nb3 a5 15. Re1 Nd7 16. Qd3 Nb4 17. Qxb5 Nxc2 18. Nc5 Nxc5 19. dxc5 Rxc5 20. Qb7 Rac8 21. Rec1 Nxa1 22. Qxc8+ Rxc8 23. Rxc8+ Qf8 24. Rxf8+ Kxf8 25. Bd1 Ke7 26. f4 Kd6 27. Kf2 Kc5 28. Ke3 Kc4 29. Kd2 d4 30. Be2+ Kd5 31. Bd3 f6 32. Kc1 e5 33. fxe5 fxe5 34. Kb1 e4 35. Bf1 d3 36. Kxa1 Kd4 37. Kb1 e3 38. Kc1 a4 39. Kd1 g5 40. b3 axb3 41. axb3 Kc3 42. b4 Kxb4 43. Bxd3 Kc3 44. Bxh7 1-0


[Site "https://www.chess.com"]

[Event "Titled Tuesday Blitz February 14 Late 2023"]
[White "Lopez Idarraga, Daniel Eduardo"]
[Black "Rorrer, Grayson"]
[WhiteFideId "4405501"]
[BlackFideId "30944996"]
[WhiteElo "2009"]
[BlackElo "2263"]
[Result "1-0"]
[Round "11"]
[TimeControl "180+2"]
[Date "2023.02.14"]
[WhiteClock "0:00:53"]
[BlackClock "0:00:06"]

1. e4 c5 2. d4 cxd4 3. c3 dxc3 4. Bc4 Nc6 5. Nf3 e6 6. O-O Nf6 7. e5 Ng4 8. Qe2 d6 9. exd6 Bxd6 10. Nxc3 a6 11. Rd1 Qe7 12. Ne4 Bc7 13. h3 Nge5 14. Nxe5 Bxe5 15. Be3 O-O 16. Bc5 Qc7 17. Bxf8 Kxf8 18. Rac1 Bd7 19. Nc5 Be8 20. Bxe6 Qe7 21. Bd5 Nd4 22. Qe4 f5 23. Qe3 f4 24. Qe4 Bg6 25. Qxe5 Ne2+ 26. Kf1 Qxe5 27. Nd7+ Ke7 28. Nxe5 Nxc1 29. Nxg6+ hxg6 30. Rxc1 Kd6 31. Bxb7 Rb8 32. Bxa6 Rxb2 33. Bc4 g5 34. Bb3 Ke5 35. Rc5+ Kf6 36. Rc3 g6 37. g4 fxg3 38. Rxg3 Kf5 39. Kg2 Kf4 40. Rg4+ Kf5 41. Bc4 Kf6 42. Rd4 Ke5 43. Rd5+ Kf4 44. Rd1 Rb4 45. Bb3 g4 46. hxg4 Kxg4 47. Ra1 g5 48. Bd1+ Kf4 49. a4 g4 50. a5 Rb7 51. a6 Ra7 52. Be2 Kg5 53. Ra4 Kf5 54. Rxg4 Ke5 55. Ra4 Kd5 56. Rb4 Ke5 57. Rb7 Ra8 58. a7 Kd6 59. Bf3 Kc5 60. Rc7+ Kb6 61. Bxa8 Kxc7 62. Bf3 Kb6 63. a8=Q Kc5 1-0


[Site "https://www.chess.com"]